 Dungeon Crawl Stone Soup version 0.20.1-1-g8b1a95d66d (webtiles) character file.

785 Ilyson the Ruffian (level 7, -6/71 HPs)
             Began as a Troll Monk on Dec 18, 2017.
             Was a Priest of Trog.
             Killed from afar by BreadTh's ghost (12 damage)
             ... with a spray of energy
             ... on level 5 of the Dungeon.
             The game lasted 00:14:08 (3161 turns).

Ilyson the Ruffian (Troll Monk)                     Turns: 3161, Time: 00:14:08

Health: -6/71      AC:  5    Str: 21    XL:     7   Next: 56%
Magic:  6/6        EV: 11    Int:  6    God:    Trog [***...]
Gold:   178        SH:  0    Dex: 13    Spells: 6/6 levels left

rFire    . . .     SeeInvis .     - Unarmed
rCold    . . .     Gourm    +   (no shield)
rNeg     . . .     Faith    .   a - +0 robe
rPois    .         Spirit   .   (helmet restricted)
rElec    .         Reflect  .   (no cloak)
rCorr    .         Harm     .   (gloves unavailable)
MR       .....                  (boots unavailable)
Stlth    ++........             (no amulet)
Regen    0.7/turn               (no ring)
MPRegen  0.1/turn               (no ring)

@: berserk cooldown, slowed, very slow
A: unfitting armour, claws 3, fast metabolism 3, gourmand, regeneration 1,
shaggy fur 1, tough skin 2
a: Berserk, Trog's Hand, Burn Spellbooks, Renounce Religion


You were on level 5 of the Dungeon.
You worshipped Trog.
Trog was most pleased with you.
You were very full.

You visited 1 branch of the dungeon, and saw 5 of its levels.

You collected 248 gold pieces.
You spent 70 gold pieces at shops.

Inventory:

Hand Weapons
 p - a +2 spear of freezing
Armour
 a - a +0 robe (worn)
 j - a +0 robe
 n - a +1 pair of boots
Jewellery
 q - a cursed -3 ring of intelligence {unknown}
 u - an uncursed ring of resist corrosion {unknown}
 y - a +3 ring of protection {unknown}
Wands
 C - a wand of lightning (7/15)
Scrolls
 d - 4 scrolls of identify {unknown}
 e - 4 scrolls of remove curse {unknown}
 k - 2 scrolls of enchant weapon {unknown}
 m - 2 scrolls of fog {unknown}
 o - a scroll of random uselessness {unknown}
 r - a scroll of teleportation {unknown}
 v - a scroll of immolation {unknown}
 x - a scroll of fear {unknown}
 A - a scroll of blinking {unknown}
 E - a scroll of recharging {unknown}
Potions
 c - a potion of flight {unknown}
 h - a potion of curing {unknown}
 i - 3 potions of lignification {unknown}
 l - a potion of brilliance {unknown}
 s - 3 potions of might {unknown}
 t - a potion of cancellation {unknown}
 w - a potion of invisibility {unknown}
 z - a potion of agility {unknown}
 B - a potion of degeneration {unknown}
 D - a potion of heal wounds
Comestibles
 b - 3 bread rations
 f - 3 royal jellies
 g - 2 meat rations


   Skills:
 * Level 4.9 Fighting
 - Level 0.5 Polearms
 + Level 3.9 Dodging
 - Level 1.0 Stealth
 * Level 6.2 Unarmed Combat


You had 6 spell levels left.
You didn't know any spells.

Dungeon Overview and Level Annotations

Branches:
Dungeon (5/15)             Temple (0/1) D:4

Altars:
Ashenzari
Dithmenos
Elyvilon
Sif Muna
Trog
The Shining One

Shops:
D:5 *!

Annotations:
D:5 BreadTh's ghost, amateur SpCj; Menkaure


Innate Abilities, Weirdness & Mutations

You are too large for most types of armour.
You have claws for hands.
Your metabolism is lightning-fast.
You like to eat raw meat.
Your natural rate of healing is unusually fast.
You are covered in fur. (AC +1)
You have very tough skin. (AC +2)


Message History

BreadTh's ghost whispers, "Trust me.
Just give in."
BreadTh's ghost points at you and mumbles some strange words.
The magic dart hits you!
* * * LOW HITPOINT WARNING * * *
The crimson imp disappears for a moment.
Menkaure calls on the powers of darkness!
Your body is wracked with pain!
* * * LOW HITPOINT WARNING * * *
You bump into the rock wall.
You feel a strong urge to attack something.
You are no longer berserk.
You are exhausted.
You feel yourself slow down.
BreadTh's ghost hits you but does no damage.
You bump into the rock wall.
You feel less confused. BreadTh's ghost closely misses you.
BreadTh's ghost casts a spell at you. The spray of energy hits you!
You die...

####.#
#.......≈....
#....#
#.######≈≈...
#.####
#.###### #.#
#...<..# #.#
######.# #.#
#.# #.# #.#
#.####### #.#
#....@W.# #.#
#######M# #.#
#.# #.. #5#
... #># #.#
#.# #.. #..


You could see Menkaure and BreadTh's ghost.

Vanquished Creatures
  An ice beast (D:5)
  A phantom (D:5)
  A scorpion (D:4)
  A bullfrog zombie (D:5)
  A centaur zombie (D:5)
  An orc priest (D:4)
  2 hounds (D:4)
  A gnoll shaman (D:5)
  A jelly (D:5)
  Jessica (D:2)
  Ijyb (D:5)
  2 orc wizards
  2 worker ants
  A hound skeleton (D:4)
  5 gnolls
  5 adders
  An ooze (D:5)
  3 worms (D:4)
  A dart slug (D:2)
  5 leopard geckos
  10 orcs
  4 bats
  7 giant cockroaches
  4 goblins
  5 hobgoblins
  2 jackals (D:1)
  3 quokkas
  2 ball pythons (D:1)
  4 frilled lizards
  A jackal skeleton (D:4)
  5 kobolds
  4 rats
88 creatures vanquished.

Notes
Turn   | Place    | Note
-------+----------+-------------------------------------------
     0 | D:1      | Ilyson the Troll Monk began the quest for the Orb.
     0 | D:1      | Reached XP level 1. HP: 22/22 MP: 0/0
   156 | D:1      | Reached XP level 2. HP: 29/29 MP: 1/1
   489 | D:1      | Reached XP level 3. HP: 34/36 MP: 2/2
   692 | D:2      | Noticed Jessica
   694 | D:2      | Killed Jessica
   837 | D:2      | Found a shattered altar of Ashenzari.
   900 | D:2      | Found a bloodstained altar of Trog.
   915 | D:2      | Became a worshipper of Trog the Wrathful
   915 | D:2      | Reached * piety under Trog
   915 | D:2      | Reached ** piety under Trog
   928 | D:2      | Reached XP level 4. HP: 45/45 MP: 3/3
  1136 | D:2      | Reached skill level 4 in Unarmed Combat
  1247 | D:2      | Found a white marble altar of Elyvilon.
  1250 | D:2      | Found a glowing golden altar of the Shining One.
  1256 | D:2      | Found a shadowy altar of Dithmenos.
  1272 | D:2      | Found a deep blue altar of Sif Muna.
  1527 | D:3      | Reached XP level 5. HP: 53/53 MP: 4/4
  2149 | D:4      | Reached XP level 6. HP: 60/62 MP: 5/5
  2212 | D:4      | Reached skill level 5 in Unarmed Combat
  2369 | D:4      | Reached *** piety under Trog
  2380 | D:4      | Found a glowing drain.
  2582 | D:4      | Found a staircase to the Ecumenical Temple.
  2626 | D:5      | Entered Level 5 of the Dungeon
  2640 | D:5      | Noticed Ijyb
  2650 | D:5      | Killed Ijyb
  2696 | D:5      | Found Gozag's Platinum Reserve.
  2813 | D:5      | Found Kiwoaxep's Distillery.
  2816 | D:5      | Reached XP level 7. HP: 71/71 MP: 6/6
  2857 | D:5      | Bought a potion of heal wounds for 70 gold pieces
  2919 | D:5      | Reached skill level 6 in Unarmed Combat
  3140 | D:5      | Noticed Menkaure
  3141 | D:5      | Noticed BreadTh's ghost (amateur SpCj)
  3158 | D:5      | HP: 5/106 [BreadTh's ghost/magic dart (6)]
  3161 | D:5      | Killed from afar by BreadTh's ghost

Skill      XL: |  1  2  3  4  5  6  7 |
---------------+----------------------+-----
Fighting       | 3 4 |  4.9
Unarmed Combat | 4 5 6 |  6.2
Dodging        | 3 |  3.9
Polearms       | |  0.5
Stealth        | |  1.0

Action                   |  1- 3 |  4- 6 |  7- 9 || total
-------------------------+-------+-------+-------++-------
Melee: Unarmed           |    64 |   106 |    36 ||   206
       Punch             |     1 |     1 |     1 ||     3
       Spear             |       |    16 |       ||    16
Invok: Berserk           |       |     5 |     2 ||     7
 Stab: Sleeping          |     3 |     2 |       ||     5
  Eat: Chunk             |    14 |    20 |     5 ||    39
Armor: Robe              |    12 |    32 |     5 ||    49
Dodge: Dodged            |    22 |    56 |    20 ||    98
